 Dungeon Crawl Stone Soup version 0.29.0-7-g18a832c13a (webtiles) character file.

Game seed: 11006274383188078080

212 SensoryNuts the Trooper (level 5, 0/37 HPs)
             Began as an Octopode Fighter on Aug 31, 2022.
             Slain by a phantom (4 damage)
             ... on level 4 of the Dungeon.
             The game lasted 00:04:00 (3963 turns).

SensoryNuts the Trooper (Octopode Fighter)          Turns: 3963, Time: 00:04:01

Health: 0/37       AC:  1    Str: 15    XL:     5   Next: 89%
Magic:  5/5        EV: 14    Int: 13    God:
Gold:   157        SH:  5    Dex: 18    Spells: 4/4 levels left

rFire   . . .      SeeInvis .   k - +7 rapier "Orgheilak" {vorpal, Int+3 Dex+4}
rCold   . . .      Faith    .   b - +0 buckler
rNeg    . . .      Spirit   .   (helmet restricted)
rPois   .          Reflect  .   (no amulet)
rElec   .          Harm     .   (no ring)
rCorr   .          Rampage  .   (no ring)
Will    .....                   (no ring)
Stlth   ++++......              (no ring)
HPRegen 0.12/turn               (no ring)
MPRegen 0.09/turn               (no ring)
                                (no ring)
                                (no ring)

@: hasted, very quick
A: almost no armour, amphibious, 8 rings, camouflage 1, gelatinous body 1,
(nimble swimmer 1), tentacles
a: no special abilities


You were on level 4 of the Dungeon.
You visited 1 branch of the dungeon, and saw 4 of its levels.

You collected 157 gold pieces.

Inventory:

Hand Weapons
 a - a +1 vorpal long sword
 k - the +7 rapier "Orgheilak" (weapon) {vorpal, Int+3 Dex+4}
   (You found it on level 4 of the Dungeon)

   It inflicts extra damage upon your enemies.
   Int:       It affects your intelligence (+3).
   Dex:       It affects your dexterity (+4).
Armour
 b - a +0 buckler (worn)
Jewellery
 f - a ring of wizardry
 h - a +6 ring of strength
Wands
 n - a wand of iceblast (4)
Scrolls
 j - a scroll of butterflies
 o - a scroll of identify
Potions
 c - a potion of flight
 e - a potion of magic
 g - a potion of degeneration
 i - a potion of lignification {unknown}
 l - a potion of cancellation {unknown}
 m - 2 potions of mutation {unknown}
 p - a potion of brilliance {unknown}


   Skills:
 + Level 3.9 Fighting
 + Level 3.7(3.8) Long Blades
 + Level 3.6 Dodging
 + Level 3.4 Stealth
 + Level 3.3 Shields


You had 4 spell levels left.
You didn't know any spells.
Your spell library contained the following spells:

 Spells                   Type           Power      Damage    Failure   Level
 Olgreb's Toxic Radiance  Pois           0%         N/A       99%         4
 Ozocubu's Refrigeration  Ice            0%         4d7       100%        7
 Ignition                 Fire           0%         3d3       100%        8


Dungeon Overview and Level Annotations

Branches:
Dungeon (4/15)
 Temple: D:4-7

Altars:

Shops:
D:4 :


Innate Abilities, Weirdness & Mutations

You cannot wear most types of armour.
You are amphibious.
You can wear up to eight rings at the same time.
Your skin changes colour to match your surroundings (Stealth+).
Your rubbery body absorbs attacks. (AC +1, EV +1)
((You are camouflaged when in or above water. (Stealth+)))
You have tentacles for arms and can constrict up to eight enemies at once.


Message History

You hit the orc wizard but do no damage.
You grab the orc wizard.
You squeeze the orc wizard, but do no damage.
You constrict the orc wizard. You puncture the orc wizard!
The orc wizard is severely wounded.
You constrict the orc wizard. The orc wizard barely misses you.
You hit the orc wizard.
The orc wizard is almost dead.
You constrict the orc wizard.
You kill the orc wizard!
You hit the orc. Your grab misses the orc.
The orc is heavily wounded.
The orc barely misses you.
You hit the orc but do no damage. Your grab misses the orc.
The orc is heavily wounded.
You closely miss the orc. You grab the orc.
The orc is heavily wounded.
You constrict the orc. The orc barely misses you.
You puncture the orc!
You kill the orc!
The orc hits you with a +0 whip.
You hit the orc.
You kill the orc!
The phantom hits you. The orc hits you with a +0 flail.
Items here: )) [ ††.
You barely miss the phantom. The orc hits you with a +0 flail.
The phantom hits you.
The phantom blinks!
You blink.
You closely miss the phantom. You hit the phantom.
The phantom is lightly damaged.
The phantom hits you!
The phantom blinks!
You blink.
The orc throws a boomerang.
The boomerang hits you.
* * * LOW HITPOINT WARNING * * *
You miss the phantom. You squeeze the phantom!
The phantom is heavily damaged.
The orc throws a boomerang.
The boomerang hits you.
* * * LOW HITPOINT WARNING * * *
The phantom hits you.
You die...

........................./.#..
####.......†..........#.......
#.........#######.#.....#
#.........# ###§#)§.#.#.#
#.........# #...o§.......
#.........#####.....#...#..
#...............†...#......
#######......W...#.## #.#..
#......@..#...# ....
#####.#.......# ...
#.....#..... .. ###.#####.....
#... ..... #.... ..## ####.
..#


You could see a phantom and an orc.

Vanquished Creatures
  Jessica (D:2)
  Ijyb (D:3)
  An orc wizard (D:4)
  5 adders
  3 dart slugs
  5 orcs
  11 ball pythons
  8 endoplasms
  4 giant cockroaches
  6 goblins
  6 hobgoblins
  8 jackals (D:2)
  2 quokkas
  4 bats
  7 kobolds
  3 rats
75 creatures vanquished.

Notes
Turn   | Place    | Note
-------+----------+-------------------------------------------
     0 | D:1      | SensoryNuts the Octopode Fighter began the quest for the
                  | Orb.
     0 | D:1      | Reached XP level 1. HP: 16/16 MP: 1/1
   391 | D:1      | Reached XP level 2. HP: 21/21 MP: 2/2
   474 | D:1      | Found a faded altar of an unknown god.
  1154 | D:2      | Reached XP level 3. HP: 22/26 MP: 3/3
  1557 | D:2      | Reached skill level 1 in Stealth
  2349 | D:2      | Noticed Jessica
  2355 | D:2      | Killed Jessica
  2356 | D:2      | Reached XP level 4. HP: 25/33 MP: 4/4
  2904 | D:3      | Reached XP level 5. HP: 18/37 MP: 5/5
  3220 | D:3      | Noticed Ijyb
  3229 | D:3      | Killed Ijyb
  3741 | D:4      | Found Zagynk's Book Shoppe.
  3761 | D:4      | Identified the +7 rapier "Orgheilak" {vorpal, Int+3 Dex+4}
  3947 | D:4      | Noticed a phantom
  3963 | D:4      | Slain by a phantom

Illustrated notes

Levels and vault maps discovered:
D:1:      amcnicky_arrival_gap_in_the_tavern_cellar, layout_loops_cross,
          ebering_ecumenical_altar_rust, minmay_misc_feat_cross, minivault_23
D:2:      layout_basic, uniq_jessica
D:3:      wad_crossroads, layout_basic, minmay_pentomino_pile, uniq_ijyb
D:4:      layout_basic, serial_shops,
          nicolae_shop_temple_entry_statues_fountains, hangedman_decor_lopped

Skill      XL: |  1  2  3  4  5 |
---------------+----------------+-----
Stealth        | 1 2 3 |  3.4
Long Blades    | 3 |  3.7
Fighting       | |  3.9
Dodging        | |  3.6
Shields        | |  3.3

Action                   |  1- 3 |  4- 6 || total
-------------------------+-------+-------++-------
Melee: Long sword        |    69 |    41 ||   110
       Constrict         |    17 |     8 ||    25
       Tentacles         |     7 |     8 ||    15
       Punch             |       |     1 ||     1
       Rapier            |       |    19 ||    19
  Use: Potion            |     1 |     2 ||     3
       Scroll            |       |     8 ||     8
 Stab: Sleeping          |     6 |    11 ||    17
Armor: Skin              |     5 |     3 ||     8
Dodge: Dodged            |    42 |    28 ||    70
Block: Buckler           |    16 |     9 ||    25
